 Dungeon Crawl Stone Soup version 0.30-a0-748-ge6a52f7cba (webtiles) character file.

Game seed: 5625481112423680286

4367 Crownlay the Arsonist (level 10, -4/81 HPs)
             Began as a Hill Orc Fire Elementalist on Feb 8, 2023.
             Was an Initiate of Gozag.
             Slain by a yak (9 damage)
             ... on level 10 of the Dungeon.
             The game lasted 00:18:19 (12217 turns).

Crownlay the Arsonist (Hill Orc Fire Elementalist) Turns: 12217, Time: 00:18:19

Health: -4/81      AC:  8    Str: 12    XL:     10   Next: 34%
Magic:  5/18       EV: 17    Int: 23    God:    Gozag
Gold:   839        SH:  0    Dex: 11    Spells: 11/20 levels left

rFire   . . .      SeeInvis .    y - +7 hand axe "Yhas" {freeze, *Slow rPois Int+4}
rCold   . . .      Faith    .    (no shield)
rNeg    . . .      Spirit   .    a - +0 robe
rPois   +          Reflect  .    k - +2 helmet
rElec   .          Harm     .    s - +2 cloak
rCorr   .          Rampage  .    (no gloves)
Will    +....                    (no boots)
Stlth   ++                       (no amulet)
HPRegen 0.33/turn                g - ring of willpower
MPRegen 0.16/turn                p - +5 ring of evasion

@: slowed, very slow
A: no striking features
a: Renounce Religion, Potion Petition, Call Merchant, Bribe Branch


You were on level 10 of the Dungeon.
You worshipped Gozag.
Gozag was pleased with you.
You visited 2 branches of the dungeon, and saw 11 of its levels.

You collected 1359 gold pieces.
You paid 520 gold pieces to Gozag.

Inventory:

Hand Weapons
 y - the +7 hand axe "Yhas" (weapon) {freeze, *Slow rPois Int+4}
   (You found it on level 4 of the Dungeon)

   Int:       It affects your intelligence (+4).
   rPois:     It protects you from poison.
   *Slow:     It may slow you when you take damage.
Armour
 a - a +0 robe (worn)
 k - a +2 helmet (worn)
 s - a +2 cloak (worn)
 G - the +1 robe of the Monkey's Uncle {rPois rF- rC++ Stlth+}
   (You found it on level 8 of the Dungeon)

   rF:        It makes you vulnerable to fire.
   rC:        It greatly protects you from cold.
   rPois:     It protects you from poison.
   Stlth:     It makes you more stealthy.
Jewellery
 g - a ring of willpower (left hand)
 p - a +5 ring of evasion (right hand)
 u - a ring of flight
 A - a ring of see invisible
Wands
 e - a wand of mindburst (7)
 v - a wand of iceblast (16)
Scrolls
 h - 2 scrolls of poison
 j - a scroll of magic mapping
 l - 2 scrolls of vulnerability
 n - 2 scrolls of enchant armour
 r - 2 scrolls of immolation
 z - 2 scrolls of amnesia
 B - a scroll of fog
 F - 2 scrolls of enchant weapon {unknown}
Potions
 b - a potion of magic
 c - 3 potions of haste
 d - 3 potions of curing
 f - 2 potions of lignification
 i - a potion of attraction
 q - a potion of ambrosia {unknown}
 t - a potion of cancellation {unknown}
 x - a potion of mutation {unknown}
 C - 2 potions of brilliance
 D - a potion of resistance {unknown}
 E - a potion of berserk rage {unknown}


   Skills:
 - Level 5.0 Fighting
 - Level 1.5 Dodging
 - Level 1.5 Stealth
 * Level 5.7 Spellcasting
 - Level 2.3 Conjurations
 + Level 2.7 Necromancy
 - Level 4.0 Translocations
 - Level 10.0 Fire Magic
 - Level 4.0 Air Magic
 + Level 2.6 Earth Magic


You had 11 spell levels left.
You knew the following spells:

 Your Spells              Type           Power      Damage    Failure   Level
a - Foxfire               Conj/Fire      100%       2x1d9     1%          1
b - Scorch                Fire           100%       2d10      1%          2
c - Kindle Blastsparks    Fire/Tloc/Air  68%        2d15      2%          3
d - Inner Flame           Hex/Fire       29%        N/A       3%          3

Your spell library contained the following spells:

 Spells                   Type           Power      Damage    Failure   Level
 Flame Wave               Conj/Fire      34%        2d10      7%          4
 Borgnjor's Vile Clutch   Necr/Erth      9%         N/A       63%         5
 Summon Forest            Summ/Tloc      7%         N/A       71%         5
 Death Channel            Necr           9%         N/A       99%         6
 Eringya's Noxious Bog    Tmut/Pois      3%         N/A       100%        6
 Summon Hydra             Summ           3%         N/A       100%        7
 Animate Dead             Necr           Unusable   N/A       N/A         4

Dungeon Overview and Level Annotations

Branches:
Dungeon (10/15)            Temple (1/1) D:4             Orc (0/2) D:9
   Lair: D:8-11

Altars:
Ashenzari
Cheibriados
Dithmenos
Elyvilon
Fedhas
Gozag
Hepliaklqana
Kikubaaqudgha
Makhleb
Nemelex Xobeh
Okawaru
Qazlal
Ru
Sif Muna
Trog
Uskayaw
Vehumet
Wu Jian
Xom
Yredelemnul
Zin
The Shining One


Message History

A cloud of volatile blastsparks flares up around you!
A centaur comes into view.
The centaur wields a +0 shortbow.
The centaur shoots an arrow.
The arrow hits you!
The centaur shoots an arrow.
The arrow hits you.
You feel yourself slow down.
The centaur shoots an arrow.
The arrow barely misses you.
Casting: Kindle Blastsparks (mildly dangerous; 2% risk of failure)
Confirm with . or Enter, or press ? or * to list all spells.
A cloud of volatile blastsparks flares up around you!
The centaur shoots an arrow.
The arrow hits you.
The centaur shoots an arrow.
The arrow barely misses you.
The centaur shoots an arrow.
The arrow misses you.
The cloud of blastsparks explodes!
The concussive blast engulfs the yak!
The yak is moderately wounded.
The cloud of blastsparks explodes!
The concussive blast engulfs the yak!!
The yak is severely wounded.
The concussive blast engulfs the yak.
The yak is heavily wounded.
The yak is knocked back by the blast.
The centaur shoots an arrow.
The arrow hits you.
The cloud of blastsparks explodes!
The concussive blast engulfs the yak!
The yak is almost dead.
The concussive blast engulfs the yak.
The yak is almost dead.
The concussive blast engulfs you.
The yak is knocked back by the blast.
You are knocked back by the blast.
The yak attacks as you move away! The yak closely misses you.
The centaur shoots an arrow.
The arrow hits you!
* * * LOW HITPOINT WARNING * * *
The centaur shoots an arrow.
The arrow hits you!
* * * LOW HITPOINT WARNING * * *
The centaur shoots an arrow.
The arrow barely misses you. The yak attacks as you move away!
The yak barely misses you.
The centaur shoots an arrow.
The arrow barely misses you.
The centaur shoots an arrow.
The arrow closely misses you. The yak gores you!
* * * LOW HITPOINT WARNING * * *
There is an open door, spattered with blood here.
The yak attacks as you move away! The yak gores you!
You die...
Your body crumbles into a pile of gold.

#..........)...#
#.......)......#
#..............#
#................
#..................
#............##+##.
#####............+
#...#..<.......#.#
########...##@#########.#
...........)YY....... #
>......)..)......c... $
.......)....Y........
##.......Y...........
#........Y..........
#...........########
.............#
.........#####


You could see 5 yaks and a centaur.

Vanquished Creatures
  A hornet (D:8)
  A wyvern (D:8)
  7 yaks
  An acid dragon (D:8)
  2 water moccasins
  A black bear (D:5)
  2 orc warriors
  An ogre (D:5)
  3 centaurs
  A phantom (D:5)
  A kobold brigand (D:8)
  3 bullfrogs (D:8)
  3 scorpions
  3 wights (D:8)
  Dowan (D:7)
  4 killer bees (D:9)
  4 howler monkeys (D:9)
  A jelly (D:5)
  3 hounds
  10 orc priests
  A gnoll bouda (D:6)
  3 iguanas
  5 orc wizards
  10 gnolls
  4 adders
  3 shadow imps
  2 ufetubi (D:6)
  6 worms
  38 orcs
  3 endoplasms
  9 giant cockroaches
  9 goblins
  7 hobgoblins
  3 jackals (D:2)
  3 quokkas
  11 ball pythons
  A bat (D:2)
  A frilled lizard (D:3)
  7 kobolds
  5 rats
184 creatures vanquished.

Vanquished Creatures (collateral kills)
  Duvessa (D:7)
1 creature vanquished.

Vanquished Creatures (others)
  818 foxfires
818 creatures vanquished.

Grand Total: 1003 creatures vanquished

Notes
Turn   | Place    | Note
-------+----------+-------------------------------------------
     0 | D:1      | Crownlay the Hill Orc Fire Elementalist began the quest for
                  | the Orb.
     0 | D:1      | Reached XP level 1. HP: 14/14 MP: 3/3
   215 | D:1      | Reached XP level 2. HP: 8/20 MP: 0/4
   359 | D:1      | Reached skill level 4 in Fire Magic
   889 | D:2      | Reached XP level 3. HP: 21/26 MP: 2/5
  1004 | D:2      | Learned a level 2 spell: Scorch
  1361 | D:2      | Reached skill level 5 in Fire Magic
  1726 | D:2      | Reached XP level 4. HP: 33/33 MP: 2/6
  1884 | D:2      | Found a faded altar of an unknown god.
  1884 | D:2      | Noticed a neqoxec
  2682 | D:3      | Reached skill level 6 in Fire Magic
  2762 | D:3      | Reached XP level 5. HP: 38/38 MP: 3/7
  3240 | D:3      | Found an iron altar of Okawaru.
  3725 | D:4      | Found a staircase to the Ecumenical Temple.
  3734 | Temple   | Entered the Ecumenical Temple
  3758 | Temple   | Became a worshipper of Gozag Ym Sagoz the Greedy
  4759 | D:4      | Identified the +7 hand axe "Yhas" {freeze, *Slow rPois
                  | Int+4}
  4876 | D:5      | Entered Level 5 of the Dungeon
  4886 | D:5      | Noticed a phantom
  4902 | D:5      | Killed a phantom
  4903 | D:5      | Reached skill level 7 in Fire Magic
  4903 | D:5      | Reached XP level 6. HP: 45/45 MP: 2/8
  5173 | D:5      | Learned a level 3 spell: Kindle Blastsparks
  5179 | D:5      | Reached XP level 7. HP: 50/50 MP: 0/9
  5320 | D:5      | Reached skill level 1 in Translocations
  5320 | D:5      | Reached skill level 8 in Fire Magic
  5320 | D:5      | Reached skill level 1 in Air Magic
  5790 | D:5      | Found a glowing silver altar of Zin.
  5790 | D:5      | Found a burning altar of Makhleb.
  5790 | D:5      | Found a snail-covered altar of Cheibriados.
  5798 | D:5      | Found a glowing golden altar of the Shining One.
  5802 | D:5      | Found a hazy altar of Hepliaklqana.
  5805 | D:5      | Found a stormy altar of Qazlal.
  5806 | D:5      | Found a broken altar of Ashenzari.
  6869 | D:6      | Reached XP level 8. HP: 53/57 MP: 10/10
  7378 | D:7      | Noticed Dowan
  7379 | D:7      | Noticed Duvessa
  7382 | D:7      | Killed Dowan
  7383 | D:7      | Reached skill level 9 in Fire Magic
  7413 | D:7      | Killed Duvessa
  8354 | D:8      | Reached skill level 10 in Fire Magic
  8598 | D:8      | Noticed a yak
  8606 | D:8      | Reached XP level 9. HP: 51/62 MP: 7/11
  8613 | D:8      | Noticed a hornet
  8907 | D:8      | Reached skill level 1 in Fighting
  9542 | D:8      | Killed a hornet
 10409 | D:8      | Identified the +1 robe of the Monkey's Uncle {rPois rF-
                  | rC++ Stlth+}
 10438 | D:8      | Learned a level 3 spell: Inner Flame
 10519 | D:9      | HP: 1/72 [yak (11)]
 10814 | D:9      | Reached skill level 5 in Fighting
 10848 | D:9      | Reached skill level 1 in Necromancy
 10848 | D:9      | Reached skill level 1 in Earth Magic
 10848 | D:9      | Reached XP level 10. HP: 8/81 MP: 0/17
 10851 | D:9      | Reached skill level 5 in Spellcasting
 11019 | D:9      | Found a staircase to the Orcish Mines.
 11971 | D:10     | Entered Level 10 of the Dungeon
 12217 | D:10     | Slain by a yak

Illustrated notes

Levels and vault maps discovered:
D:1:      scummos_arrival_star, layout_basic, minivault_23,
          minmay_misc_feat_enclosed
D:2:      layout_basic, dreamdust_ecumenical_altar_sealed_demon
D:3:      layout_rooms, kennysheep_okawaru_gauntlet, grunt_ministairs_5,
          nicolae_hexahallways
D:4:      layout_loops_corners, minmay_temple_entry_waves
D:5:      layout_cave_pools, nicolae_overflow_hallway_of_the_gods
D:6:      layout_basic
D:7:      layout_loops_ring, uniq_duvessa
D:8:      minmay_recursive_quarters, layout_layer_cave
D:9:      layout_loops_ring, orc_0_dummy
D:10:     layout_irregular_city, serial_column_ruins, column_ruins_open_tiny,
          column_ruins_grid_1, column_ruins_open_large,
          column_ruins_corridor_corner, column_ruins_grid_1,
          column_ruins_open_tiny, nicolae_benzene_ring, hex_tiny,
          hangedman_incinerator
Temple:   eino_temple_lava

Skill      XL: |  1  2  3  4  5  6  7  8  9 10 |
---------------+-------------------------------+-----
Fire Magic     | 4 5 6 7 8 10 | 10.0
Conjurations   | 2 |  2.3
Translocations | 2 3 4 |  4.0
Air Magic      | 2 3 4 |  4.0
Fighting       | 5 |  5.0
Spellcasting   | 4 5 |  5.7
Necromancy     | 1 2 |  2.7
Earth Magic    | 1 2 |  2.6
Dodging        | |  1.5
Stealth        | |  1.5

Action                     |  1- 3 |  4- 6 |  7- 9 | 10-12 || total
---------------------------+-------+-------+-------+-------++-------
  Melee: Unarmed           |     7 |       |       |       ||     7
         Hand axe          |    40 |    59 |    62 |    22 ||   183
         Punch             |       |       |     2 |       ||     2
   Cast: Foxfire           |    66 |   138 |   250 |    46 ||   500
         Scorch            |       |     1 |     7 |     1 ||     9
         Kindle Blastspark |       |       |     9 |    14 ||    23
 Invoke: Potion Petition   |       |       |     1 |       ||     1
    Use: Scroll            |       |     6 |    11 |     1 ||    18
         Potion            |       |       |     7 |     1 ||     8
 Armour: Robe              |     9 |    17 |    12 |     3 ||    41
         Skin              |       |       |     3 |       ||     3
  Dodge: Dodged            |    41 |    53 |    74 |    42 ||   210

Table legend: (Time is in decaauts)
 A = Elapsed time spent in this place.
 B = Non-inter-level travel time spent in this place.
 C = Inter-level travel time spent in this place.
 D = Time resting spent in this place.
 E = Time spent auto-exploring this place.
 F = Levels seen in this place.
 G = Mean time per level.
                   A        B        C        D        E       F      G
               +--------+--------+--------+--------+--------+-----+--------+
         Total |  12257 |  12003 |    254 |    375 |  10209 |  11 | 1114.3 |
       Dungeon |  12224 |  11977 |    247 |    375 |  10202 |  10 | 1222.4 |
        Temple |     32 |     25 |      7 |      0 |      7 |   1 |   32.0 |
               +--------+--------+--------+--------+--------+-----+--------+

Top non-repeatable levels by time:
     D:8: 2173 daAuts
     D:3: 1630 daAuts
     D:9: 1529 daAuts
     D:6: 1352 daAuts
     D:4: 1320 daAuts
     D:2: 1202 daAuts
     D:7: 1104 daAuts
     D:5: 950 daAuts
     D:1: 713 daAuts
    D:10: 247 daAuts
  Temple: 32 daAuts
